 Dungeon Crawl Stone Soup version 0.25.1-2-g60ff931df9 (console) character file.

Game seed: 5096523374580030286

620 Colgate the Magician (level 7, 0/36 HPs)
             Began as a Gargoyle Ice Elementalist on Aug 12, 2020.
             Was an Initiate of Gozag.
             Slain by an ogre
             ... wielding a +0 giant club
              (8 damage)
             ... on level 6 of the Dungeon.
             The game lasted 00:40:45 (4886 turns).

Colgate the Magician (Gargoyle Ice Elementalist)    Turns: 4886, Time: 00:40:46

Health: 0/36       AC:  6    Str: 11    XL:     7   Next: 46%
Magic:  16/16      EV: 12    Int: 18    God:    Gozag
Gold:   502        SH:  0    Dex: 10    Spells: 11/18 levels left

rFire    . . .     SeeInvis .   a - +2 short sword (speed)
rCold    . . .     Gourm    .   (no shield)
rNeg     + . .     Faith    .   d - +0 robe
rPois    ∞         Spirit   .   (no helmet)
rElec    +         Reflect  .   (no cloak)
rCorr    .         Harm     .   (no gloves)
MR       .....                  (no boots)
Stlth    ++........             A - amulet of the acrobat
HPRegen  0.12/turn              (no ring)
MPRegen  0.15/turn              (no ring)

@: no status effects
A: negative energy resistance 1, electricity resistance, unbreathing,
petrification resistance, rot immunity, AC +4
a: Potion Petition, Call Merchant, Bribe Branch, Renounce Religion


You were on level 6 of the Dungeon.
You worshipped Gozag.
Gozag was pleased with you.
You were very full.

You visited 1 branch of the dungeon, and saw 6 of its levels.

You collected 502 gold pieces.

Inventory:

Hand Weapons
 a - a +2 short sword of speed (weapon)
 b - a +0 hunting sling
 f - a +0 dagger
Missiles
 t - 22 bolts
 u - 131 stones
 y - a throwing net (quivered)
Armour
 d - a +0 robe (worn)
Jewellery
 A - an amulet of the acrobat (around neck)
Scrolls
 i - 3 scrolls of amnesia {unknown}
 m - 2 scrolls of magic mapping {unknown}
 n - 2 scrolls of enchant armour {unknown}
 p - 7 scrolls of identify {unknown}
 r - 2 scrolls of teleportation {unknown}
 s - a scroll of fog {unknown}
 v - a scroll of enchant weapon {unknown}
 w - a scroll of random uselessness {unknown}
 x - a scroll of fear {unknown}
 z - a scroll of noise {unknown}
 C - a scroll of remove curse {unknown}
Potions
 e - 2 potions of ambrosia {unknown}
 g - 3 potions of curing {unknown}
 h - a potion of resistance {unknown}
 j - 2 potions of lignification {unknown}
 k - a potion of degeneration {unknown}
 l - 3 potions of flight {unknown}
 o - a potion of stabbing {unknown}
 q - a potion of brilliance {unknown}
 B - a potion of heal wounds {unknown}
Comestibles
 c - 3 rations


   Skills:
 - Level 2.0 Slings
 - Level 1.5 Dodging
 - Level 2.1 Stealth
 + Level 6.4 Spellcasting
 - Level 5.0 Ice Magic


You had 11 spell levels left.
You knew the following spells:

 Your Spells              Type           Power        Failure   Level  Hunger
a - Freeze                Ice            ###.         1%          1    None
b - Frozen Ramparts       Ice            ###...       4%          3    ##.....
c - Ozocubu's Armour      Chrm/Ice       ##......     12%         3    ##.....

Your spell library contained the following spells:

 Spells                   Type           Power        Failure   Level  Hunger
 Hailstorm                Conj/Ice       ##......     38%         4    ####...
 Summon Ice Beast         Ice/Summ       ##......     38%         4    ####...


Dungeon Overview and Level Annotations

Branches:
Dungeon (6/15)             Temple (0/1) D:4

Altars:
Ashenzari
Gozag


Innate Abilities, Weirdness & Mutations

You are resistant to torment.
Your stone body is resilient. (AC +4)
You are immune to poison.
You resist negative energy. (rN+)
You are resistant to electric shocks. (rElec)
You can survive without breathing.
You are immune to petrification.
You are immune to rotting.


Message History

You hit the hound.
The hound is almost dead.
The hound closely misses you. The ogre hits you but does no damage.
The hound closely misses you.
You hit the hound but do no damage.
The hound is almost dead.
The hound bites you.
You miss the hound.
The hound is almost dead.
The ogre hits you with a +0 giant club.
* * * LOW HITPOINT WARNING * * *
The hound barely misses you.
You closely miss the hound.
The hound is almost dead.
The hound bites you.
* * * LOW HITPOINT WARNING * * *
You hit the hound but do no damage.
The hound is almost dead.
The ogre hits you with a +0 giant club!
You die...
Your body crumbles into a pile of gold.

##.# .## #.. ....
.. ... #.... ..
.... #...# .#....#
###...##.#...#
.............##
#....Oh......
#...#@##.#
#........#
###.#.<......
#.#.#######
#.########
#.#.......#..
#######.#.......#.#
#.....).........'..
########........#.#
#............##.#
#####
#............##.#
#...#


You could see an ogre and a hound.

Vanquished Creatures
  An ice beast (D:4)
  An ogre (D:4)
  A centaur (D:6)
  A howler monkey (D:6)
  A centaur skeleton (D:5)
  A hound (D:5)
  A worker ant (D:4)
  A hound skeleton (D:6)
  12 adders
  An adder skeleton (D:4)
  4 worms
  3 leopard geckos
  5 orcs
  5 ball pythons
  3 giant cockroaches
  12 goblins
  7 hobgoblins
  4 jackals (D:2)
  3 quokkas
  13 bats
  3 frilled lizards
  10 kobolds
  9 rats
102 creatures vanquished.

Notes
Turn   | Place    | Note
-------+----------+-------------------------------------------
     0 | D:1      | Colgate the Gargoyle Ice Elementalist began the quest for
                  | the Orb.
     0 | D:1      | Reached XP level 1. HP: 10/10 MP: 3/3
   153 | D:1      | Reached XP level 2. HP: 12/15 MP: 3/5
   709 | D:1      | Reached XP level 3. HP: 19/19 MP: 4/6
   761 | D:1      | Learned a level 3 spell: Frozen Ramparts
   837 | D:1      | Reached skill level 5 in Ice Magic
  1490 | D:2      | Reached XP level 4. HP: 24/24 MP: 2/8
  1602 | D:2      | Reached skill level 3 in Spellcasting
  1607 | D:2      | Learned a level 3 spell: Ozocubu's Armour
  1689 | D:2      | Reached skill level 1 in Slings
  1978 | D:2      | Reached XP level 5. HP: 28/28 MP: 3/9
  2290 | D:2      | Found a faded altar of an unknown god.
  2299 | D:2      | Became a worshipper of Gozag Ym Sagoz the Greedy
  3117 | D:3      | Reached skill level 4 in Spellcasting
  3553 | D:4      | Noticed an ice beast
  3573 | D:4      | Killed an ice beast
  3573 | D:4      | Reached XP level 6. HP: 11/32 MP: 8/13
  3816 | D:4      | Reached skill level 5 in Spellcasting
  3884 | D:4      | Found a staircase to the Ecumenical Temple.
  4341 | D:4      | Found a shattered altar of Ashenzari.
  4474 | D:5      | Entered Level 5 of the Dungeon
  4493 | D:5      | Reached XP level 7. HP: 22/36 MP: 15/15
  4710 | D:6      | Reached skill level 6 in Spellcasting
  4886 | D:6      | Slain by an ogre

Illustrated notes

Levels and vault maps discovered:
D:1:      beargit_arrival_greenhouse, layout_basic,
          kennysheep_decorative_pillar, minmay_indecisive_spiral
D:2:      layout_basic, chequers_ecumenical_altar_island, minmay_tripent
D:3:      layout_rooms
D:4:      layout_rooms, nicolae_ashenzari_panopticon,
          minmay_temple_entry_antechambers
D:5:      layout_rooms, first_ration
D:6:      layout_basic, serial_shops, shop_coins

Skill      XL: |  1  2  3  4  5  6  7 |
---------------+----------------------+-----
Ice Magic      | 5 |  5.0
Spellcasting   | 3 4 5 6 |  6.4
Slings         | 2 |  2.0
Dodging        | |  1.5
Stealth        | |  2.1

Action                   |  1- 3 |  4- 6 |  7- 9 || total
-------------------------+-------+-------+-------++-------
Melee: Dagger            |     2 |       |       ||     2
       Unarmed           |     1 |       |       ||     1
       Short sword       |       |    46 |    47 ||    93
 Fire: Hunting sling     |    13 |    67 |       ||    80
Throw: Stone             |     3 |       |       ||     3
       Throwing net      |       |     1 |       ||     1
 Cast: Freeze            |    31 |    58 |       ||    89
       Frozen Ramparts   |     6 |    11 |       ||    17
       Ozocubu's Armour  |       |     3 |       ||     3
Invok: Potion Petition   |       |     1 |       ||     1
 Stab: Sleeping          |     3 |       |       ||     3
  Eat: Chunk             |     2 |     5 |       ||     7
       Ration            |       |     4 |       ||     4
Armor: Robe              |     9 |    20 |    15 ||    44
Dodge: Dodged            |    15 |    67 |    38 ||   120
